Map: Świat Śniących ER

Players

Nikrosk

  • Race: Terran Terran
  • League: Diamond
  • Spawn Location: 1:00

Legol - Winner!

  • Race: Protoss Protoss
  • Spawn Location: 7:00

VOD

Have the link to the VOD?

Description

Time

  • Played on: Dec. 26, 2019, 1:14 p.m.
  • Length: 17:45
Show
View Real Time Build Order
Export as new Build Order

Nikrosk Terran 

Build Orders: Mech 

Get SALT Encoding   

  12  0:01  SCV  
  13  0:13  SCV  
  14  0:17  Supply Depot  
  14  0:25  SCV  
  15  0:39  SCV  
  15  0:40  Barracks  
  16  0:51  SCV  
  16  0:53  Refinery  
  17  1:03  SCV  
  18  1:15  SCV  
  19  1:30  Orbital Command  
  19  1:36  Command Center  
  19  1:50  Barracks Reactor  
  19  2:01  SCV  
  20  2:13  Bunker, SCV  
  21  2:18  Refinery  
  21  2:22  Factory  
  21  2:25  SCV, Marine  
  23  2:31  Supply Depot  
  23  2:46  Supply Depot  
  23  2:47  SCV, Marine x2  
  26  2:51  Orbital Command  
  26  2:59  SCV  
  27  3:08  Starport  
  27  3:11  SCV  
  28  3:15  Hellion x2  
  28  3:19  SCV  
  33  3:24  SCV  
  33  3:25  Supply Depot  
  34  3:31  SCV  
  34  3:34  Refinery  
  35  3:36  SCV  
  35  3:39  Hellion  
  38  3:42  Hellion  
  38  3:43  SCV  
  38  3:46  Starport Tech Lab  
  41  3:50  Fusion Core  
  41  3:53  SCV  
  42  3:59  Engineering Bay  
  42  4:03  Supply Depot  
  42  4:10  SCV x2  
  44  4:18  Refinery  
  44  4:22  SCV x2, Widow Mine x2  
  48  4:24  Marine  
  49  4:32  Supply Depot  
  49  4:34  SCV x2  
  51  4:44  Battlecruiser  
  57  4:52  SCV  
  58  4:53  SCV  
  59  5:03  Factory  
  59  5:04  SCV  
  59  5:05  SCV  
  61  5:17  SCV  
  61  5:20  SCV, Supply Depot  
  63  5:29  SCV  
  63  5:31  Hellion  
  63  5:32  Hellion  
  68  5:38  Supply Depot x2  
  68  5:46  Factory Tech Lab  
  68  5:49  Factory  
  68  5:54  Factory  
  64  6:19  Siege Tank  
  64  6:21  Hellion x2  
  64  6:23  SCV x2  
  69  6:42  Widow Mine x2  
  69  6:52  Siege Tank  
  72  6:57  Factory Tech Lab x2  
  72  6:58  Battlecruiser  
  78  7:20  Command Center  
  78  7:22  Command Center  
  78  7:24  Armory, Siege Tank  
  78  7:25  Armory  
  78  7:26  Siege Tank x2  
  78  7:28  Hellion x2  
  91  7:49  Hellion x2  
  95  7:56  Siege Tank  
  94  8:09  Weapon Refit  
  88  8:38  Siege Tank x3  
  88  8:39  Hellion x2  
  101  9:00  Hellion x2  
  97  9:08  Battlecruiser  
  95  9:32  Refinery  
  95  9:33  Refinery  
  95  9:37  Siege Tank  
  98  9:45  SCV x2  
  101  9:49  Planetary Fortress  
  100  9:52  Orbital Command  
  100  9:57  SCV x2  
  102  10:00  Terran Vehicle Weapons Level 1  
  90  10:18  Sensor Tower  
  90  10:25  SCV x4  
  94  10:37  SCV  
  95  10:45  SCV x3  
  95  10:49  SCV  
  99  10:54  Siege Tank x2  
  99  10:55  Siege Tank  
  99  10:56  Hellion x2  
  112  10:57  SCV x3  
  115  11:06  Supply Depot  
  115  11:08  Terran Vehicle And Ship Armor Level 1, Supply Depot  
  115  11:10  Supply Depot  
  114  11:17  Hellion x2  
  118  11:21  Sensor Tower  
  118  11:22  Missile Turret  
  118  11:30  Siege Tank x3  
  127  11:43  Missile Turret  
  127  11:46  Widow Mine x2  
  131  11:56  Missile Turret  
  131  11:59  SCV  
  131  12:00  SCV x2  
  134  12:01  Thor x2  
  134  12:02  SCV, Widow Mine  
  134  12:07  Widow Mine x2  
  153  12:12  SCV, Command Center  
  154  12:16  Missile Turret  
  154  12:27  Factory  
  154  12:33  SCV x2  
  156  12:43  Supply Depot  
  156  12:45  Supply Depot  
  156  12:46  Supply Depot  
  156  13:05  SCV  
  157  13:06  Missile Turret  
  157  13:07  Supply Depot  
  157  13:10  Missile Turret  
  157  13:16  Sensor Tower  
  153  13:36  Thor  
  153  13:37  Thor x2, Orbital Command  
  153  13:38  Hellion  
  153  13:39  Hellion  
  175  13:52  Orbital Command  
  175  14:02  Refinery  
  175  14:03  SCV x4  
  179  14:13  Hellion x2  
  179  14:16  Infernal Pre-Igniter  
  183  14:19  Terran Vehicle And Ship Armor Level 2, Thor x2, Terran Vehicle Weapons Level 2  
  183  14:20  Hellion  
  85  15:18  Hellion  
  85  15:19  Hellion x4  
  81  15:40  Hellion  
  75  15:51  Orbital Command  
  75  16:01  Thor x3  
  75  16:03  Hellion x2  
  98  16:18  SCV x3  
  98  16:24  Hellion x2  
  104  16:30  SCV x2  
  104  16:32  Refinery  
  106  16:33  Refinery  
  106  16:44  Hellion  
  106  16:45  Hellion x2  
  112  16:49  Command Center  
  112  16:50  Command Center  
  112  17:04  SCV  
  112  17:05  SCV x2  
  137  17:15  Hellion  
  137  17:16  Hellion  
  137  17:24  Supply Depot  
  137  17:26  Supply Depot  
Show
View Real Time Build Order
Export as new Build Order

Legol Protoss - Winner!

Build Orders: Blink Stalkers 

Get SALT Encoding   

  12  0:01  Probe  
  13  0:13  Probe  
  14  0:19  Pylon  
  14  0:25  Probe  
  15  0:37  Probe (Chrono Boost)  
  15  0:38  Gateway  
  16  0:49  Probe (Chrono Boost)  
  17  0:53  Assimilator  
  17  0:54  Probe (Chrono Boost)  
  18  1:06  Probe  
  19  1:18  Probe  
  20  1:27  Cybernetics Core  
  20  1:29  Pylon  
  20  1:39  Probe  
  21  1:51  Probe  
  21  1:52  Nexus  
  22  2:02  Stalker (Chrono Boost)  
  22  2:06  Warp Gate  
  24  2:17  Assimilator  
  24  2:32  Pylon  
  24  2:37  Stalker  
  26  2:47  Probe  
  27  2:55  Gateway  
  27  2:57  Gateway  
  27  2:58  Twilight Council  
  27  2:59  Probe  
  27  3:05  Probe  
  29  3:11  Probe  
  30  3:17  Stalker, Probe  
  33  3:23  Probe  
  34  3:30  Blink (Chrono Boost)  
  34  3:36  Gateway  
  34  3:46  Probe (Chrono Boost)  
  36  3:50  Probe (Chrono Boost)  
  36  3:55  Stalker x2  
  38  4:01  Probe (Chrono Boost)  
  41  4:12  Probe x2, Forge  
  43  4:24  Probe x2  
  45  4:36  Probe (Chrono Boost)  
  45  4:37  Probe (Chrono Boost), Gateway  
  47  4:38  Gateway  
  47  4:41  Robotics Facility  
  47  4:48  Probe (Chrono Boost)  
  49  4:53  Stalker  
  49  4:54  Stalker, Probe (Chrono Boost)  
  49  4:56  Probe (Chrono Boost)  
  54  5:03  Pylon  
  54  5:12  Protoss Ground Weapons Level 1 (Chrono Boost), Assimilator  
  54  5:14  Assimilator  
  54  5:22  Pylon  
  54  5:30  Observer (Chrono Boost)  
  54  5:33  Stalker x3  
  61  5:51  Stalker x2  
  65  6:06  Pylon  
  65  6:07  Pylon  
  65  6:09  Pylon  
  65  6:15  Warp Prism (Chrono Boost)  
  65  6:20  Stalker  
  44  7:02  Stalker x6  
  44  7:06  Probe x2  
  58  7:18  Protoss Ground Weapons Level 2 (Chrono Boost), Probe, Photon Cannon  
  58  7:22  Nexus, Photon Cannon  
  59  7:25  Assimilator  
  59  7:27  Pylon, Stalker x2  
  59  7:28  Stalker  
  59  7:29  Assimilator  
  65  7:31  Pylon  
  65  7:36  Pylon  
  65  7:37  Zealot x2  
  65  7:40  Zealot  
  71  7:58  Zealot x4  
  73  8:16  Stalker  
  73  8:17  Stalker, Immortal (Chrono Boost)  
  71  8:31  Stalker x4  
  77  8:45  Photon Cannon  
  77  8:47  Photon Cannon  
  69  9:07  Immortal (Chrono Boost)  
  63  9:12  Stalker x4  
  75  9:18  Probe x3  
  78  9:30  Probe x2  
  80  9:36  Warp Prism (Chrono Boost)  
  82  9:46  Stalker x4  
  82  9:50  Probe  
  82  9:51  Probe  
  90  10:11  Probe  
  90  10:12  Probe x2  
  91  10:19  Immortal (Chrono Boost)  
  91  10:20  Templar Archives  
  91  10:23  Protoss Ground Weapons Level 3 (Chrono Boost), Probe  
  91  10:24  Probe x2  
  91  10:26  Charge (Chrono Boost)  
  98  10:37  Zealot  
  98  10:38  Zealot x2  
  98  10:39  Zealot  
  106  10:51  Immortal (Chrono Boost)  
  106  10:56  Stalker x2  
  108  11:17  Probe x2  
  108  11:18  Probe  
  109  11:26  High Templar x5  
  109  11:27  High Templar  
  109  11:29  Probe  
  109  11:30  Probe x2, Archon x2  
  109  11:31  Archon  
  124  11:38  Gateway  
  124  11:40  Gateway  
  124  11:43  Gateway  
  124  11:48  Gateway  
  124  11:59  Zealot x4  
  132  12:02  Nexus  
  132  12:05  Assimilator  
  132  12:06  Pylon  
  132  12:08  Pylon  
  132  12:09  Pylon  
  132  12:10  Pylon, Probe  
  133  12:17  Pylon  
  133  12:19  Pylon  
  133  12:21  Pylon  
  133  12:23  Immortal (Chrono Boost)  
  133  12:24  Probe x2  
  139  12:32  Zealot x2  
  139  12:33  Zealot x2  
  147  12:43  High Templar x2  
  147  12:44  High Templar x4  
  155  12:47  Archon x2  
  155  12:48  Archon  
  159  12:55  Forge  
  155  13:24  Zealot x2  
  155  13:25  Zealot x5  
  155  13:26  Zealot x3  
  171  13:30  Probe  
  171  13:31  Probe x3  
  175  13:43  Probe x4  
  175  13:45  Protoss Ground Armor Level 1 (Chrono Boost)  
  179  13:49  Protoss Shields Level 1 (Chrono Boost)  
  179  13:52  Immortal (Chrono Boost)  
  183  14:04  High Templar x6  
  183  14:05  High Templar x2  
  183  14:08  Archon x4  
  129  14:47  Zealot x4  
  129  14:48  Zealot x6  
  131  15:06  Nexus  
  125  15:09  Assimilator  
  123  15:14  Assimilator  
  123  15:18  Pylon  
  119  15:21  Pylon  
  115  15:38  Gateway  
  115  15:39  Gateway, Zealot x4  
  115  15:40  Zealot x6  
  115  15:41  Gateway, Immortal (Chrono Boost)  
  127  15:59  Gateway  
  127  16:00  Gateway  
  127  16:02  Gateway  
  127  16:04  Gateway  
  127  16:06  Gateway  
  127  16:12  Photon Cannon  
  127  16:14  Photon Cannon  
  127  16:17  Photon Cannon  
  127  16:19  Photon Cannon  
  127  16:20  High Templar x2  
  127  16:21  High Templar x7  
  127  16:22  High Templar  
  127  16:25  Archon x4  
  147  16:26  Archon  
  147  16:31  Immortal (Chrono Boost)  
  151  16:43  Robotics Facility  
  151  16:54  Zealot  
  151  16:55  Zealot x4  
  151  16:56  Zealot x6  
  173  17:02  Warp Prism  
  173  17:08  Zealot x4  
Tags
 
Add a new tag
Caveats
  • Supply blocks, unpowered buildings, or Contaminate may cause inaccurate times.
  • Supply counts are checked every 10 seconds.